Description

Prince VS Mаry

VOD

https://youtu.be/sShf_tAQIKM?t=860

Build Order

Get SALT Encoding   

  14  0:17  Pylon  
  16  0:38  Gateway  
  16  0:47  Assimilator  
  20  1:23  Cybernetics Core  
  20  1:34  Nexus  
  21  1:43  Pylon  стася на натурале окол нексуса
  22  1:53  Assimilator  
  25  2:02  Adept (Chrono Boost)  тусуется у себя
  25  2:03  Warp Gate  
  27  2:28  Twilight Council  наурал
  28  2:38  Robotics Facility  натурал
  32  2:47  Stalker  
  36  3:05  Charge  снимаем 4 пробок с газов 3:18
  38  3:25  Gateway  
  38  3:26  Gateway  
  39  3:27  Observer  
  40  3:35  Gateway  
  42  3:40  Warp Prism  
  42  3:54  Gateway x2  
  43  4:10  Nexus  
  43  4:12  Pylon  
  43  4:14  Pylon  
  41  4:25  Stalker x2  берем в пизму
  45  4:32  Zealot x2  забираем юниты вап призмо, забираем юниты вап призмо
  49  4:33  Pylon  
  49  4:53  Zealot x6  варпаем у хайграунде врага
Spawning Tool Build Advisor. Get it on Overwolf

Go to:

Details

  • Created by: adv
  • Published on: Aug 30, 2020
  • Modified on: Sep 19, 2020
  • Patch: 4.11.0
  • Difficulty: Medium
Show
View Real Time Build Order
Export as new Build Order

Comments (2)

On Nov. 2, 2020, 10:08 a.m., RolandK  said:

Pretty easy to adapt for other matchups as well.

On Sept. 27, 2020, 5:40 p.m., fedeli96  said:

Easy to follow and very good. I am in gold and if they do not all in me before the 6th minute I always win with this build

Create an account to comment!